 Dungeon Crawl Stone Soup version 0.28-a0-1033-g1a2f33fa85 (webtiles) character file.

Game seed: 11095140354678076936

58 oldriver the Conjurer (level 3, -1/26 HPs)
             Began as a Draconian Conjurer on Dec 7, 2021.
             Slain by a gnoll (13 damage)
             ... on level 3 of the Dungeon.
             The game lasted 00:03:52 (2518 turns).

oldriver the Conjurer (Draconian Conjurer)          Turns: 2518, Time: 00:03:53

Health: -1/26      AC:  5    Str:  9    XL:     3   Next: 76%
Magic:  2/8        EV: 12    Int: 20    God:
Gold:   148        SH:  0    Dex:  9    Spells: 8/9 levels left

rFire   . . .      SeeInvis .   (no weapon)
rCold   . . .      Faith    .   (no shield)
rNeg    . . .      Spirit   .   (armour unavailable)
rPois   .          Reflect  .   (helmet restricted)
rElec   .          Harm     .   (no cloak)
rCorr   .          Rampage  .   (no gloves)
Will    .....                   (no boots)
Stlth   ++........              (no amulet)
HPRegen 0.08/turn               (no ring)
MPRegen 0.11/turn               (no ring)

@: no status effects
A: AC +5, unfitting armour, cold-blooded
a: no special abilities


You were on level 3 of the Dungeon.
You visited 1 branch of the dungeon, and saw 3 of its levels.

You collected 148 gold pieces.

Inventory:

Scrolls
 a - a scroll of teleportation {unknown}
 e - a scroll of fog {unknown}
 g - a scroll of enchant armour {unknown}
Potions
 b - 2 potions of flight {unknown}
 c - a potion of attraction {unknown}
 d - 2 potions of mutation {unknown}
 f - a potion of curing {unknown}


   Skills:
 - Level 1.7 Dodging
 - Level 1.7 Stealth
 * Level 3.9 Spellcasting
 - Level 4.0 Conjurations


You had 8 spell levels left.
You knew the following spells:

 Your Spells              Type           Power      Damage    Failure   Level
a - Magic Dart            Conj           76%        1d6       2%          1

Your spell library contained the following spells:

 Spells                   Type           Power      Damage    Failure   Level
 Searing Ray              Conj           38%        2d5       3%          2
 Dazzling Flash           Conj/Hex       22%        N/A       17%         3
 Fulminant Prism          Conj/Hex       5%         3d7       50%         4
 Iskenderun's Mystic Bla  Conj/Tloc      11%        2d4       50%         4


Dungeon Overview and Level Annotations

Branches:
Dungeon (3/15)

Altars:


Innate Abilities, Weirdness & Mutations

Your plain brown scales are hard. (AC +5)
You cannot fit into any form of body armour.
You are cold-blooded and may be slowed by cold attacks.


Message History

The magic dart hits the quokka.
You kill the quokka!
You can't see any susceptible monsters within range! (Use Z to cast anyway.)
You can't see any susceptible monsters within range! (Use Z to cast anyway.)
You open the door.
There is an open door here.
A gnoll comes into view. It is wielding a +0 club.
A gnoll is nearby!
A gnoll is nearby!
A gnoll is nearby!
The magic dart hits the gnoll.
The gnoll is lightly wounded.
The gnoll shouts!
A gnoll comes into view. It is wielding a +0 spear.
A gnoll comes into view. It is wielding a +0 halberd.
The magic dart hits the gnoll.
The gnoll is moderately wounded.
The gnoll shouts! x2
The magic dart hits the gnoll but does no damage.
The gnoll is moderately wounded.
The magic dart hits the gnoll but does no damage.
The gnoll is moderately wounded.
The magic dart hits the gnoll.
The gnoll is moderately wounded.
The magic dart hits the gnoll.
The gnoll is severely wounded.
The magic dart hits the gnoll.
The gnoll is almost dead.
The gnoll completely misses you.
The magic dart hits the gnoll.
You kill the gnoll!
The gnoll hits you from afar with a +0 halberd!
You are too depleted to draw on your mana recklessly!
You are too depleted to draw on your mana recklessly!
You are too depleted to draw on your mana recklessly!
The gnoll hits you from afar with a +0 halberd.
There is a stone staircase leading up here.
The gnoll hits you from afar with a +0 halberd!
Ouch! That really hurt!
You die...

######### #.#
#.......# #.#
#.#####.# #.####
#.# #)# #.##.. #.#
###.########.##.#
#.#
#.....g....#.##.#
#.#
#g#.######.......
#.###.#g# ##...#.#
#...@.>.# #......#
#####.#####
##...#.#
#.........# ##.##..
#.###...#.# #.####
###...#.# #.#
#.......# ##'##
#.......# ##...##
#.......# ##.....##
###...#.###.......#


You could see 2 gnolls.

Vanquished Creatures
  A gnoll (D:3)
  A worm (D:2)
  5 ball pythons
  4 endoplasms
  A giant cockroach (D:1)
  4 hobgoblins
  2 quokkas
  3 bats
  4 frilled lizards
  5 goblins
  7 kobolds
  3 rats
40 creatures vanquished.

Notes
Turn   | Place    | Note
-------+----------+-------------------------------------------
     0 | D:1      | oldriver the Draconian Conjurer began the quest for the
                  | Orb.
     0 | D:1      | Reached XP level 1. HP: 14/14 MP: 3/3
   400 | D:1      | Reached XP level 2. HP: 20/20 MP: 2/5
  1260 | D:2      | Reached XP level 3. HP: 26/26 MP: 5/7
  1776 | D:2      | Found a faded altar of an unknown god.
  2518 | D:3      | Slain by a gnoll

Illustrated notes

Levels and vault maps discovered:
D:1:      tarquinn_simple_flora_water_a, layout_rooms, minmay_misc_feat_hallway
D:2:      layout_loops_ring, ebering_ecumenical_altar_ruins
D:3:      layout_loops_corners, corexii_leaking_fountain,
          uniq_crazy_yiuf_cottage, uniq_ijyb

Skill      XL: |  1  2 |
---------------+-------+-----
Spellcasting   | 3 |  3.9
Dodging        | |  1.7
Stealth        | |  1.7
Conjurations   | |  4.0

Action                   || total
-------------------------++-------
Melee: Unarmed           ||    10
       Tailslap          ||     3
 Cast: Magic Dart        ||   120
Armor: Skin              ||     5
Dodge: Dodged            ||    12

Table legend: (Time is in decaauts)
 A = Elapsed time spent in this place.
 B = Non-inter-level travel time spent in this place.
 C = Inter-level travel time spent in this place.
 D = Time resting spent in this place.
 E = Time spent auto-exploring this place.
 F = Levels seen in this place.
 G = Mean time per level.
                   A        B        C        D        E       F      G
               +--------+--------+--------+--------+--------+-----+--------+
         Total |   2521 |   2463 |     58 |    788 |   1282 |   3 |  840.3 |
       Dungeon |   2521 |   2463 |     58 |    788 |   1282 |   3 |  840.3 |
               +--------+--------+--------+--------+--------+-----+--------+

Top non-repeatable levels by time:
     D:1: 1179 daAuts
     D:2: 1171 daAuts
     D:3: 170 daAuts
